 Dungeon Crawl Stone Soup version 0.24-a0-246-gb963c9a (webtiles) character file.

Game seed: 18064845983665034889

72 stupendous the Shield-Bearer (level 4, -3/37 HPs)
             Began as a Formicid Fighter on Apr 12, 2019.
             Slain by a moth of wrath (11 damage)
             ... on level 2 of the Dungeon.
             The game lasted 00:02:18 (1229 turns).

stupendous the Shield-Bearer (Formicid Fighter)     Turns: 1229, Time: 00:02:19

Health: -3/37      AC:  8    Str: 21    XL:     4   Next: 48%
Magic:  4/4        EV:  8    Int:  7    God:
Gold:   47         SH:  9    Dex: 11    Spells: 3/3 levels left

rFire    . . .     SeeInvis +   a - +0 long sword
rCold    . . .     Gourm    .   c - +0 shield
rNeg     . . .     Faith    .   b - +0 scale mail
rPois    .         Spirit   .   (helmet unavailable)
rElec    .         Reflect  .   n - +0 cloak
rCorr    +         Harm     .   (no gloves)
MR       .....                  (no boots)
Stlth    ..........             (no amulet)
HPRegen  0.12/turn              s - ring of resist corrosion
MPRegen  0.09/turn              (no ring)

@: flying
A: permanent stasis, dig shafts and tunnels, four strong arms, antennae 3
a: Dig, Shaft Self


You were on level 2 of the Dungeon.
You were not hungry.

You visited 1 branch of the dungeon, and saw 2 of its levels.

You collected 47 gold pieces.

Inventory:

Hand Weapons
 a - a +0 long sword (weapon)
Armour
 b - a +0 scale mail (worn)
 c - a +0 shield (worn)
 n - a +0 cloak (worn)
Jewellery
 s - a ring of resist corrosion (left hand)
Wands
 r - a wand of random effects (18)
Scrolls
 e - 3 scrolls of teleportation {unknown}
 g - 2 scrolls of remove curse {unknown}
 h - 2 scrolls of immolation {unknown}
 j - a scroll of amnesia {unknown}
 k - 2 scrolls of identify {unknown}
 o - a scroll of random uselessness {unknown}
 t - a scroll of fog {unknown}
Potions
 d - a potion of might
 q - a potion of haste {unknown}
Comestibles
 f - 5 rations
 l - 2 chunks of flesh


   Skills:
 - Level 3.9 Fighting
 + Level 2.7 Long Blades
 - Level 3.9 Armour
 + Level 4.3 Shields


You had 3 spell levels left.
You didn't know any spells.
Your spell library was empty.

Dungeon Overview and Level Annotations

Branches:
Dungeon (2/15)

Altars:
Trog


Innate Abilities, Weirdness & Mutations

You cannot be hasted, slowed, berserked, paralysed or teleported.
You can dig through walls and to a lower floor.
Your four strong arms can wield two-handed weapons with a shield.
You have a pair of large antennae on your head. (SInv)


Message History

You extend your mandibles.
You dig through the iron grate.
The moth of wrath bites you!
You retract your mandibles.
You closely miss the moth of wrath. The moth of wrath bites you!!
* * * LOW HITPOINT WARNING * * *
The moth of wrath bites you but does no damage.
Okay, then.
It was a potion of curing.
You feel better. The moth of wrath bites you!
* * * LOW HITPOINT WARNING * * *
You feel better. The moth of wrath bites you!
* * * LOW HITPOINT WARNING * * *
It was a potion of flight.
You feel very buoyant.
You fly up into the air.
You block the moth of wrath's attack.
It was a potion of heal wounds.
You feel much better. The moth of wrath bites you!!
Ouch! That really hurt!
* * * LOW HITPOINT WARNING * * *
The moth of wrath bites you!
You die...

.#..... ##.#### #.#
###### #.# ##....###
#.######.# ##.......##
##<##.....# #.........#
......#######....#....##
.#.###...#.##...###....#
...##...........@y#._.)#
...)...^...##.†.###..).#
...........##....#....##
#.##........#.......))#
#.###.......##.......##
#.# ##...#...##....###
#.# #####.######### #.#
#.# ###


You could see a moth of wrath.

Vanquished Creatures
  Jessica (D:2)
  3 worms (D:2)
  2 leopard geckos
  A ball python (D:2)
  A giant cockroach (D:1)
  5 hobgoblins (D:1)
  3 jackals (D:1)
  2 bats
  A frilled lizard (D:2)
  8 goblins
  3 kobolds
  5 rats
35 creatures vanquished.

Notes
Turn   | Place    | Note
-------+----------+-------------------------------------------
     0 | D:1      | stupendous the Formicid Fighter began the quest for the
                  | Orb.
     0 | D:1      | Reached XP level 1. HP: 18/18 MP: 1/1
   311 | D:1      | Reached XP level 2. HP: 23/24 MP: 2/2
   479 | D:1      | Reached skill level 4 in Shields
   487 | D:1      | Reached XP level 3. HP: 28/29 MP: 3/3
  1065 | D:2      | Noticed Jessica
  1069 | D:2      | Killed Jessica
  1069 | D:2      | Reached XP level 4. HP: 37/37 MP: 4/4
  1104 | D:2      | Noticed a moth of wrath
  1107 | D:2      | Found a bloodstained altar of Trog.
  1229 | D:2      | Slain by a moth of wrath

Levels and vault maps discovered:
D:1:      dpeg_arrival_water_altar, layout_loops_corners
D:2:      layout_rooms, tgw_trog, uniq_jessica

Skill      XL: |  1  2 |
---------------+-------+-----
Shields        | 4 |  4.3
Fighting       | |  3.9
Long Blades    | |  2.7
Armour         | |  3.9

Action                   |  1- 3 |  4- 6 || total
-------------------------+-------+-------++-------
Melee: Long sword        |    80 |    27 ||   107
 Abil: Dig               |     1 |     2 ||     3
  Use: Potion            |       |     4 ||     4
  Eat: Chunk             |     1 |     1 ||     2
Armor: Scale mail        |    25 |    12 ||    37
Dodge: Dodged            |    28 |     3 ||    31
Block: Shield            |    34 |     6 ||    40
       Rpst.: Long sword |     8 |     1 ||     9

Table legend:
 A = Non-vault XP
 B = Vault XP
 C = Vault XP percentage of total XP
 D = Non-vault monster count
 E = Vault monster count
 F = Vault count percentage of total count
                 A         B        C        D         E       F
            +---------+---------+-------+---------+---------+-------
      Total |      49 |      54 |  52.4 |      29 |       6 |  17.1
            +---------+---------+-------+---------+---------+-------
        D:1 |      35 |       0 |   0.0 |      20 |       0 |   0.0
        D:2 |      14 |      54 |  79.4 |       9 |       6 |  40.0
            +---------+---------+-------+---------+---------+-------
